 Dungeon Crawl Stone Soup version 0.21.1-1-g345015fe64 (webtiles) character file.

47 Gargoyl the Skirmisher (level 3, -1/51 HPs)
             Began as a Centaur Abyssal Knight on Apr 19, 2018.
             Was a Follower of Lugonu.
             Slain by a gnoll
             ... wielding a +0 halberd
              (3 damage)
             ... on level 2 of the Dungeon.
             The game lasted 00:03:32 (1499 turns).

Gargoyl the Skirmisher (Centaur Abyssal Knight)     Turns: 1499, Time: 00:03:33

Health: -1/51      AC: 21    Str: 21    XL:     3   Next: 48%
Magic:  4/4        EV:  1    Int: 16    God:    Lugonu [*.....]
Gold:   108        SH:  0    Dex:  9    Spells: 2/2 levels left

rFire    + . .     SeeInvis .   a - +2 hand axe
rCold    + . .     Gourm    .   (no shield)
rNeg     + + +     Faith    .   (armour currently unavailable)
rPois    +         Spirit   .   (helmet currently unavailable)
rElec    +         Reflect  .   (cloak currently unavailable)
rCorr    +         Harm     .   (gloves currently unavailable)
MR       .....     NoTele   +   (no barding)
Stlth    +.........             i - amulet of inaccuracy (curse)
HPRegen  0.17/turn              (no ring)
MPRegen  0.09/turn              (no ring)

@: mighty, brilliant, tree-form, resistant
A: large, screaming 1, strong 1
a: Depart the Abyss, Renounce Religion


You were on level 2 of the Dungeon.
You worshipped Lugonu.
Lugonu was aware of your devotion.
You were not hungry.
You were a tree.
You visited 1 branch of the dungeon, and saw 2 of its levels.
You visited the Abyss 1 time.

You collected 108 gold pieces.

Inventory:

Hand Weapons
 a - a +2 hand axe (weapon)
Armour
 b - a +0 leather armour (melded)
Jewellery
 i - a cursed amulet of inaccuracy (around neck)
Scrolls
 f - a scroll of identify
Potions
 e - a potion of cancellation
 h - a potion of brilliance
 l - 2 potions of lignification
Comestibles
 c - 4 rations


   Skills:
 + Level 4.5 Fighting
 - Level 1.7 Axes
 - Level 1.3 Armour
 - Level 0.6 Dodging
 - Level 2.0 Invocations


You had 2 spell levels left.
You didn't know any spells.

Dungeon Overview and Level Annotations

Branches:
Dungeon (2/15)

Altars:


Innate Abilities, Weirdness & Mutations

((You have hooves in place of feet.))
((Armour fits poorly on your strangely shaped body.))
((You cover ground very quickly.))
((You have extremely tough skin. (AC +3)))
You occasionally shout uncontrollably at your foes.
Your muscles are strong. (Str +2)
((Your movements are slightly less encumbered by armour. (ER -2)))


Message History

A gnoll comes into view.
Okay, then.
Oops, that amulet feels deathly cold.
i - a cursed amulet of inaccuracy (around neck)
The gnoll moves out of view.
Throwing (i - inventory):
d - 2 tomahawks (quivered)
Press: ? - help, Shift-Dir - straight line, f - gnoll
Aim: a gnoll, wielding a halberd You throw a tomahawk.
The tomahawk hits the gnoll but does no damage.
The gnoll hits you but does no damage.
Throwing (i - inventory):
d - a tomahawk (quivered)
Press: ? - help, Shift-Dir - straight line, f/p - gnoll
Aim: a gnoll, wielding a halberd You throw a tomahawk.
The tomahawk barely misses the gnoll.
The gnoll hits you but does no damage.
The gnoll hits you from afar with a halberd!
* * * LOW HITPOINT WARNING * * *
The gnoll hits you from afar with a halberd.
You die...

#######...#
......#...#####
.......)..(...#
#)......#
#...†...#
#.......#
#.....gg#
#...###.# #####
#♣# #...# #...#
...... .......
#........+
#.$......#
.?......##


You could see 2 gnolls.

Vanquished Creatures
  A gnoll (D:2)
  An ooze (D:1)
  A dart slug (D:1)
  A leopard gecko (D:1)
  10 goblins
  A hobgoblin (D:1)
  3 jackals (D:2)
  5 kobolds
  2 bats
  2 frilled lizards (D:1)
  3 rats
30 creatures vanquished.

Notes
Turn   | Place    | Note
-------+----------+-------------------------------------------
     0 | Abyss:1  | Gargoyl the Centaur Abyssal Knight began the quest for the Orb.
     0 | Abyss:1  | Reached XP level 1. HP: 19/19 MP: 2/2
    57 | Abyss:1  | Noticed a raiju
    59 | Abyss:1  | Noticed a large abomination
    70 | Abyss:1  | Gained mutation: Your movements are slightly less encumbered by armour. (ER -2) [potion of mutation]
    70 | Abyss:1  | Gained mutation: You occasionally shout uncontrollably at your foes. [potion of mutation]
    70 | Abyss:1  | Gained mutation: Your muscles are strong. (Str +2) [potion of mutation]
    98 | Abyss:1  | Noticed a ynoxinul
    99 | D:1      | Escaped the Abyss
   209 | D:1      | Reached * piety under Lugonu
   421 | D:1      | Reached XP level 2. HP: 26/26 MP: 3/3
   951 | D:1      | Reached skill level 4 in Fighting
  1224 | D:1      | Reached XP level 3. HP: 30/33 MP: 4/4
  1498 | D:2      | HP: 2/51 [gnoll/halberd (7)]
  1499 | D:2      | Slain by a gnoll

Skill      XL: |  1  2 |
---------------+-------+-----
Fighting       | 4 |  4.5
Axes           | |  1.7
Armour         | |  1.3
Dodging        | |  0.6
Invocations    | |  2.0

Action                   || total
-------------------------++-------
Melee: Hand axe          ||    62
       Kick              ||     8
Throw: Tomahawk          ||     2
Invok: Depart the Abyss  ||     1
  Use: Scroll            ||     5
       Potion            ||     5
  Eat: Chunk             ||     1
Armor: Leather armour    ||    25
       Skin              ||     4
Dodge: Dodged            ||    42
